[Event "Titled Tuesday Blitz August 08 Late 2023"]
[White "Khanin, Semen"]
[Black "Michalczak, Thomas"]
[WhiteFideId "4111990"]
[BlackFideId "4622634"]
[WhiteElo "2879"]
[BlackElo "2502"]
[Result "1-0"]
[Round "3"]
[TimeControl "180+1"]
[Date "2023.08.08"]
[WhiteClock "0:01:33"]
[BlackClock "0:00:13"]
[Board "58"]

1. e4 e5 2. Nf3 Nc6 3. Bb5 a6 4. Ba4 Nf6 5. O-O Be7 6. Bxc6 dxc6 7. Re1 Nd7 8. c3 c5 9. d4 cxd4 10. cxd4 Bd6 11. Nc3 O-O 12. Bg5 f6 13. Be3 Kh8 14. Rc1 c6 15. h3 Qe7 16. d5 c5 17. a4 Rb8 18. Qd3 b6 19. Nd2 Re8 20. Nc4 b5 21. Na5 c4 22. Qe2 Qf7 23. Nc6 Rb7 24. axb5 axb5 25. Ra1 Bc5 26. Ra8 h6 27. Rea1 Bxe3 28. Qxe3 Kh7 29. R1a5 b4 30. Nb5 Qf8 31. d6 Rxb5 32. Rxb5 Qxd6 33. Nxb4 Qd4 34. Qxd4 exd4 35. f3 d3 36. Kf2 Ne5 37. Ke3 Bd7 38. Rxe8 Bxe8 39. Rc5 Ba4 40. f4 d2 41. Kxd2 Nd3 42. Nxd3 cxd3 43. Kxd3 1-0


[Site "https://www.chess.com"]

[Event "Titled Tuesday Blitz August 08 Late 2023"]
[White "Olivares Olivares, Claudio"]
[Black "Zemlyanskii, Ivan"]
[WhiteFideId "3400786"]
[BlackFideId "24249971"]
[WhiteElo "2500"]
[BlackElo "2875"]
[Result "0-1"]
[Round "3"]
[TimeControl "180+1"]
[Date "2023.08.08"]
[WhiteClock "0:00:00"]
[BlackClock "0:00:11"]
[Board "59"]

1. e4 c5 2. Nf3 e6 3. d4 cxd4 4. Nxd4 Nf6 5. Bd3 Nc6 6. Nxc6 bxc6 7. O-O d5 8. e5 Nd7 9. Re1 Be7 10. Qg4 g6 11. Bh6 Qc7 12. Qg3 Rb8 13. b3 c5 14. c4 d4 15. Nd2 Bb7 16. Re2 Bc6 17. h4 Kd8 18. Rae1 Kc8 19. Nf3 Kb7 20. b4 cxb4 21. Nxd4 Nc5 22. Bb1 Rhd8 23. Nxc6 Qxc6 24. Qf4 Rd7 25. Bg5 Bxg5 26. hxg5 Rbd8 27. Re3 Qc7 28. Bc2 Rd4 29. Qh2 Rxc4 30. Bd1 Nd3 31. Bf3+ Kb8 32. Rxd3 Rxd3 33. Qxh7 Rc1 34. Rxc1 Qxc1+ 35. Kh2 Qf4+ 36. Kh3 Rd8 37. Qg7 a5 38. Bc6 Rc8 39. Bf3 a4 0-1


[Site "https://www.chess.com"]

[Event "Titled Tuesday Blitz August 08 Late 2023"]
[White "Remolar Gallen, Jose"]
[Black "Henriquez Villagra, Cristobal"]
[WhiteFideId "2215187"]
[BlackFideId "3409350"]
[WhiteElo "2497"]
[BlackElo "2848"]
[Result "0-1"]
[Round "3"]
[TimeControl "180+1"]
[Date "2023.08.08"]
[WhiteClock "0:00:00"]
[BlackClock "0:00:09"]
[Board "60"]

1. e4 d6 2. d4 Nf6 3. Nc3 e5 4. Nf3 Nbd7 5. g4 h6 6. Rg1 Be7 7. Bc4 c6 8. Bb3 b5 9. g5 hxg5 10. Nxg5 Rf8 11. Be3 Bb7 12. dxe5 dxe5 13. Qf3 Nc5 14. Rd1 Qc7 15. Bxc5 Bxc5 16. a4 a6 17. Ne2 Rd8 18. Rxd8+ Qxd8 19. Ng3 Bc8 20. axb5 Bg4 21. Qd3 Qxd3 22. cxd3 axb5 23. Nf5 Bxf5 24. exf5 Bd4 25. Ne4 Nxe4 26. dxe4 c5 27. Bd5 g6 28. Bc6+ Ke7 29. Bxb5 gxf5 30. exf5 Rb8 31. Bc4 Rxb2 32. Rg7 Kf6 33. Rxf7+ Kg5 34. Rg7+ Kxf5 35. Rf7+ Kg5 36. Kf1 Rc2 37. Bd5 c4 38. Kg2 c3 39. Kg3 Rxf2 40. Rc7 Rf4 41. h4+ Kh6 0-1


[Site "https://www.chess.com"]

[Event "Titled Tuesday Blitz August 08 Late 2023"]
[White "Harshavardhan G B"]
[Black "chess123456s"]
[WhiteFideId "25059009"]
[WhiteElo "2845"]
[BlackElo "2497"]
[Result "0-1"]
[Round "3"]
[TimeControl "180+1"]
[Date "2023.08.08"]
[WhiteClock "0:00:08"]
[BlackClock "0:00:20"]
[Board "61"]

1. e4 e5 2. Nc3 Nf6 3. Bc4 Bc5 4. d3 c6 5. Nf3 d6 6. Bg5 Nbd7 7. O-O h6 8. Bh4 O-O 9. d4 exd4 10. Nxd4 Ne5 11. Bb3 Ng6 12. Bg3 Bg4 13. Qd2 Re8 14. Rae1 Qd7 15. f3 Be6 16. Na4 Bxb3 17. Nxc5 dxc5 18. Nxb3 Rad8 19. Qxd7 Rxd7 20. Nxc5 Rd2 21. Rf2 Rxf2 22. Kxf2 b6 23. Nd3 h5 24. h3 h4 25. Bh2 Rd8 26. Ke2 c5 27. Rd1 Nh5 28. Ne5 Nhf4+ 29. Ke1 Rxd1+ 30. Kxd1 Nxg2 31. Nxg6 fxg6 32. Ke2 g5 33. Bb8 a6 34. a4 Kf7 35. c4 Nf4+ 36. Kf1 Nxh3 37. Bc7 Nf4 38. Bxb6 Ne6 39. Ba5 Ke7 40. Bc3 Kd7 41. Kg1 Ke7 42. Kh2 g6 43. Kh3 Nf4+ 44. Kg4 Ne6 45. Be5 Nd4 46. Bh2 Ke6 47. Bb8 Nc6 48. Bh2 Ne5+ 49. Bxe5 Kxe5 50. b3 a5 51. Kh3 Kf4 52. Kg2 g4 53. fxg4 Kxg4 0-1


[Site "https://www.chess.com"]

[Event "Titled Tuesday Blitz August 08 Late 2023"]
[White "Yang, Kevin"]
[Black "Salinas Herrera, Pablo"]
[WhiteFideId "30908485"]
[BlackFideId "3407128"]
[WhiteElo "2495"]
[BlackElo "2844"]
[Result "0-1"]
[Round "3"]
[TimeControl "180+1"]
[Date "2023.08.08"]
[WhiteClock "0:00:04"]
[BlackClock "0:01:09"]
[Board "62"]

1. d4 Nf6 2. Nc3 c5 3. d5 e5 4. e4 d6 5. a4 g6 6. Nf3 Bg7 7. Be2 O-O 8. O-O Nh5 9. g3 h6 10. Ne1 Nf6 11. Ng2 Nbd7 12. f4 exf4 13. gxf4 Re8 14. Bf3 a6 15. Be3 Rb8 16. a5 b5 17. axb6 Nxb6 18. b3 h5 19. Qd3 Ng4 20. Bxg4 Bxg4 21. Rxa6 Qe7 22. Nb5 Nc8 23. e5 dxe5 24. d6 Qb7 25. Ra5 Bh3 26. Rf2 Bf5 27. Qd2 exf4 28. Bxf4 Qd7 29. c4 Re4 30. Be3 h4 31. Bxc5 h3 32. Ne3 Be6 33. Nd5 Bxd5 34. Qxd5 Qg4+ 35. Kf1 Re5 36. Qxf7+ Kh7 37. d7 Qd1# 0-1


[Site "https://www.chess.com"]

[Event "Titled Tuesday Blitz August 08 Late 2023"]
[White "Womacka, Mathias"]
[Black "Donchenko, Alexander"]
[WhiteFideId "4611390"]
[BlackFideId "24603295"]
[WhiteElo "2494"]
[BlackElo "2833"]
[Result "0-1"]
[Round "3"]
[TimeControl "180+1"]
[Date "2023.08.08"]
[WhiteClock "0:00:11"]
[BlackClock "0:00:04"]
[Board "63"]

1. e4 c6 2. d4 d5 3. Nd2 dxe4 4. Nxe4 Nf6 5. Nxf6+ exf6 6. Bc4 Bd6 7. Qe2+ Qe7 8. Qxe7+ Kxe7 9. Ne2 Rd8 10. c3 Nd7 11. Bf4 Nb6 12. Bd3 Bxf4 13. Nxf4 g5 14. Nh5 c5 15. dxc5 Na4 16. O-O-O Nxc5 17. Rhe1+ Be6 18. Bc2 Rxd1+ 19. Rxd1 Bxa2 20. Ng7 Be6 21. Bxh7 Rh8 22. Nf5+ Ke8 23. Nd6+ Ke7 24. Bc2 Rxh2 25. b4 Nd7 26. Be4 b6 27. Nc8+ Kf8 28. Nxa7 f5 29. Bc6 Ne5 30. Bd5 Bxd5 31. Rxd5 f6 32. Nc8 Rxg2 33. Nxb6 Rxf2 34. b5 g4 35. Rd1 g3 36. Nd5 g2 37. Ne3 f4 38. Nxg2 Rxg2 39. b6 Rg7 40. Rd8+ Ke7 41. b7 Kxd8 42. b8=Q+ Ke7 43. Qc7+ Kf8 44. Qd6+ Kf7 45. Qd5+ Kg6 46. Qe4+ Kg5 47. Qg2+ Kh6 48. Qh2+ Kg5 49. Qg2+ Ng4 50. Qd5+ Kh4 51. c4 Rc7 52. c5 Ne5 53. Kd2 Rd7 54. Qxd7 Nxd7 55. c6 Nb6 0-1


[Site "https://www.chess.com"]

[Event "Titled Tuesday Blitz August 08 Late 2023"]
[White "ProphetReborn"]
[Black "Sebag, Marie"]
[BlackFideId "617822"]
[WhiteElo "2829"]
[BlackElo "2492"]
[Result "1-0"]
[Round "3"]
[TimeControl "180+1"]
[Date "2023.08.08"]
[WhiteClock "0:01:19"]
[BlackClock "0:00:02"]
[Board "64"]

1. d4 d5 2. c4 e5 3. dxe5 d4 4. Nf3 Nc6 5. a3 Nge7 6. Bf4 Ng6 7. Bg3 Bg4 8. Nbd2 Qe7 9. h3 Bf5 10. Nb3 O-O-O 11. Nbxd4 Nxd4 12. Nxd4 Nxe5 13. e3 c5 14. Qh5 Nd3+ 15. Bxd3 Bxd3 16. Qg4+ Qd7 17. Nb5 Qxg4 18. Nxa7+ Kd7 19. hxg4 Bxc4 20. O-O-O+ Ke8 21. Rxd8+ Kxd8 22. Rd1+ Ke8 23. Nc8 Be6 24. Nd6+ Bxd6 25. Rxd6 Ke7 26. Rb6 Bd5 27. f3 Bc6 28. Rb3 Rd8 29. Rc3 b6 30. b4 Rd5 31. e4 Rd4 32. Bf2 Rd7 33. bxc5 bxc5 34. Bxc5+ Ke6 35. Be3 Bb7 36. Rb3 g6 37. Rb6+ Ke7 38. Bc5+ Ke8 39. Bd6 f6 40. Kd2 Kf7 41. Ke3 h5 42. gxh5 gxh5 43. Kf4 Bc8 44. Rc6 Bb7 45. Rc7 Rxc7 46. Bxc7 Ke6 47. a4 Bc6 48. a5 Bb5 49. Kg3 Bf1 50. Kf2 Bb5 51. Bb6 Ba6 52. g3 Bb5 53. f4 f5 54. e5 Kd5 55. Ke3 Ba6 56. Kd2 Bb5 57. Kc3 Ba6 58. Kb4 Bf1 59. Bf2 Ba6 60. e6 Kxe6 61. Kc5 Bf1 62. Kb6 Kd5 63. Bc5 Kc4 64. a6 Bg2 65. a7 Kd3 66. Be7 Ke2 67. Kc7 Kf2 68. Bh4 Be4 69. Kb8 1-0


[Site "https://www.chess.com"]

[Event "Titled Tuesday Blitz August 08 Late 2023"]
[White "Reprintsev, Alexander"]
[Black "Shtembuliak, Evgeny"]
[WhiteFideId "14100541"]
[BlackFideId "14113325"]
[WhiteElo "2492"]
[BlackElo "2824"]
[Result "0-1"]
[Round "3"]
[TimeControl "180+1"]
[Date "2023.08.08"]
[WhiteClock "0:00:03"]
[BlackClock "0:00:15"]
[Board "65"]

1. e4 g6 2. d4 Bg7 3. Nc3 d6 4. h4 h5 5. Nf3 Bg4 6. Be2 Bxf3 7. gxf3 Nc6 8. Be3 Nf6 9. d5 Ne5 10. Qd2 c6 11. O-O-O Qa5 12. Kb1 cxd5 13. Nxd5 Qxd2 14. Nxf6+ Bxf6 15. Rxd2 a6 16. f4 Ng4 17. Bb6 Bg7 18. f3 Nf6 19. f5 Bh6 20. Rd3 gxf5 21. exf5 Rg8 22. Rc3 Nd5 23. Rb3 Nxb6 24. Rxb6 Ra7 25. f4 Bxf4 26. Bxh5 Rg3 27. f6 e6 28. a4 Be5 29. Rf1 a5 30. Bf3 Bxf6 31. h5 Ke7 32. c3 d5 33. Bd1 Rh3 34. Ka2 Bg5 35. Kb3 Be3 36. Rb5 b6 37. Bf3 Rc7 38. Ka2 f5 39. Kb1 Kf6 40. b4 Rxc3 41. bxa5 bxa5 42. Rxa5 Bd4 43. Rb5 Rhxf3 44. Rxf3 Rxf3 0-1


[Site "https://www.chess.com"]

[Event "Titled Tuesday Blitz August 08 Late 2023"]
[White "Pakleza, Zbigniew"]
[Black "Jovic, Stanoje"]
[WhiteFideId "1119290"]
[BlackFideId "905020"]
[WhiteElo "2819"]
[BlackElo "2491"]
[Result "1-0"]
[Round "3"]
[TimeControl "180+1"]
[Date "2023.08.08"]
[WhiteClock "0:00:41"]
[BlackClock "0:00:00"]
[Board "66"]

1. d4 Nf6 2. Nf3 e6 3. Bf4 d5 4. e3 Bd6 5. Bg3 O-O 6. Nbd2 b6 7. c3 c5 8. Ne5 Bxe5 9. Bxe5 Nc6 10. Bg3 a5 11. Bb5 Ne7 12. Qe2 Nf5 13. Bf4 Nd6 14. Bd3 a4 15. a3 Nfe4 16. O-O-O Nxd2 17. Rxd2 Ne4 18. Bxe4 dxe4 19. dxc5 Qf6 20. Bd6 Rd8 21. cxb6 Ba6 22. Qd1 e5 23. Bc7 Rd3 24. Rxd3 exd3 25. Qf3 Qxf3 26. gxf3 Bb7 27. Bxe5 f6 28. Bc7 Bxf3 29. Rg1 Kf7 30. Kd2 Be4 31. Rg4 Bb7 32. c4 Ra5 33. Rd4 1-0


[Site "https://www.chess.com"]

[Event "Titled Tuesday Blitz August 08 Late 2023"]
[White "Bazeev, German"]
[Black "Bochnicka, Vladimir"]
[WhiteFideId "24119350"]
[BlackFideId "14943450"]
[WhiteElo "2801"]
[BlackElo "2490"]
[Result "1-0"]
[Round "3"]
[TimeControl "180+1"]
[Date "2023.08.08"]
[WhiteClock "0:00:20"]
[BlackClock "0:00:14"]
[Board "67"]

1. c4 e5 2. Nc3 Bb4 3. Qb3 a5 4. a3 Bxc3 5. Qxc3 Nc6 6. e3 Nf6 7. Nf3 d6 8. b3 O-O 9. Bb2 Re8 10. d3 d5 11. cxd5 Nxd5 12. Qc2 Be6 13. Be2 f6 14. O-O a4 15. b4 Qd7 16. Rac1 Rad8 17. Nd2 Ra8 18. Ne4 Qe7 19. Nc5 Bf7 20. Nxb7 Nd8 21. Na5 Nb6 22. Qxc7 Qxc7 23. Rxc7 Ne6 24. Rc2 Red8 25. Rfc1 Nd5 26. g3 Bg6 27. Nc6 Rd6 28. Bf3 Re8 29. Be4 Ndc7 30. h4 Nb5 31. Na5 f5 32. Bc6 Rf8 33. Bxe5 Rxd3 34. Bxb5 Rd5 35. Rc5 Rd6 36. Bxd6 1-0


[Site "https://www.chess.com"]

[Event "Titled Tuesday Blitz August 08 Late 2023"]
[White "Miladinovic, Igor"]
[Black "Mortazavi, Ali"]
[WhiteFideId "4203380"]
[BlackFideId "401323"]
[WhiteElo "2779"]
[BlackElo "2484"]
[Result "1/2-1/2"]
[Round "3"]
[TimeControl "180+1"]
[Date "2023.08.08"]
[WhiteClock "0:00:27"]
[BlackClock "0:00:10"]
[Board "68"]

1. d4 Nf6 2. Bg5 Ne4 3. h4 d5 4. Nd2 Nxd2 5. Qxd2 h6 6. Bf4 Bf5 7. e3 e6 8. f3 Be7 9. h5 c5 10. c3 Nc6 11. Bd3 Bxd3 12. Qxd3 Bd6 13. Ne2 O-O 14. O-O Bxf4 15. Nxf4 Qb6 16. a4 Na5 17. dxc5 Qc7 18. b4 Nc4 19. Ne2 Qe5 20. e4 Rad8 21. exd5 exd5 22. Nd4 Qxh5 23. Rfe1 Rfe8 24. Qf5 Qh4 25. Rxe8+ Rxe8 26. Qxd5 Re1+ 27. Rxe1 Qxe1+ 28. Kh2 Qh4+ 29. Kg1 Ne3 30. Qd7 Qe1+ 31. Kh2 Nf1+ 32. Kg1 Ng3+ 33. Kh2 Nf1+ 34. Kg1 Ne3+ 35. Kh2 Qf2 36. Qh3 Nf1+ 37. Kh1 Ng3+ 38. Kh2 Nf1+ 39. Kh1 Ng3+ 40. Kh2 Nf1+ 1/2-1/2


[Site "https://www.chess.com"]

[Event "Titled Tuesday Blitz August 08 Late 2023"]
[White "Rakitic2010"]
[Black "Haydon, David L"]
[BlackFideId "415405"]
[WhiteElo "2484"]
[BlackElo "2773"]
[Result "1/2-1/2"]
[Round "3"]
[TimeControl "180+1"]
[Date "2023.08.08"]
[WhiteClock "0:00:06"]
[BlackClock "0:00:07"]
[Board "69"]

1. e4 d5 2. exd5 Qxd5 3. Nc3 Qd6 4. d4 Nf6 5. Nf3 g6 6. g3 Bg7 7. Bf4 Qd8 8. Bg2 O-O 9. O-O c6 10. Ne5 Nbd7 11. Qe2 Nb6 12. Rfe1 Qxd4 13. Rad1 Qb4 14. Bc1 Nfd5 15. Nxd5 Nxd5 16. a3 Qa4 17. b3 Qa5 18. Bb2 Qc7 19. c4 Nf6 20. Nf3 Re8 21. Be5 Qa5 22. b4 Qxa3 23. b5 cxb5 24. cxb5 Bg4 25. Rd3 Qc5 26. h3 Bf5 27. Rc3 Qb6 28. Nd4 Bd7 29. Rc7 Rad8 30. Rxb7 Qc5 31. Rc7 Qb6 32. Rb7 Qc5 33. Nc6 Bxc6 34. bxc6 Rc8 35. c7 e6 36. Rb8 Nd5 37. Bxg7 Kxg7 38. Qe5+ f6 39. Qb2 Qd6 40. Rb7 Rxc7 41. Bxd5 Rxb7 42. Bxb7 Rb8 43. Rb1 e5 44. Qc3 Qd7 45. Be4 Rxb1+ 46. Bxb1 Qd1+ 47. Kh2 Qxb1 48. Qc7+ Kh6 49. Qxa7 g5 50. Qe7 Qf5 51. Qf8+ Kg6 52. Qg8+ Kh6 53. Qf8+ Kg6 54. Qg8+ Kh6 55. Qf8+ 1/2-1/2


[Site "https://www.chess.com"]

[Event "Titled Tuesday Blitz August 08 Late 2023"]
[White "Sadilek, Peter"]
[Black "Hambleton, Aman"]
[WhiteFideId "1616439"]
[BlackFideId "2606577"]
[WhiteElo "2483"]
[BlackElo "2754"]
[Result "0-1"]
[Round "3"]
[TimeControl "180+1"]
[Date "2023.08.08"]
[WhiteClock "0:00:12"]
[BlackClock "0:00:03"]
[Board "70"]

1. d4 e5 2. dxe5 Nc6 3. Nf3 Qe7 4. Nc3 Nxe5 5. Nd5 Nxf3+ 6. gxf3 Qd8 7. Bf4 d6 8. Qd2 Nf6 9. Bg5 Be7 10. Nxe7 Qxe7 11. O-O-O h6 12. Bf4 Be6 13. Rg1 g5 14. Be3 O-O-O 15. Bd4 Rhg8 16. e4 Kb8 17. Qa5 b6 18. Qc3 Nd7 19. Bb5 c5 20. Bg7 f5 21. Bxd7 Rxd7 22. Bf6 Qf7 23. Rxd6 Rxd6 24. Be5 Rd8 25. Rd1 Kc7 26. Rxd6 Rxd6 27. Qd3 Qe7 28. exf5 Bf7 29. Bg3 Qe1+ 30. Qd1 Qxd1# 0-1


[Site "https://www.chess.com"]

[Event "Titled Tuesday Blitz August 08 Late 2023"]
[White "Lamaze, Simon"]
[Black "Osmak, Yuliia"]
[WhiteFideId "36069264"]
[BlackFideId "14101602"]
[WhiteElo "2748"]
[BlackElo "2483"]
[Result "1-0"]
[Round "3"]
[TimeControl "180+1"]
[Date "2023.08.08"]
[WhiteClock "0:00:19"]
[BlackClock "0:00:07"]
[Board "71"]

1. c4 c5 2. Nf3 Nf6 3. Nc3 d5 4. cxd5 Nxd5 5. e4 Nb4 6. Bc4 Nd3+ 7. Ke2 Nf4+ 8. Kf1 Nc6 9. d4 cxd4 10. Bxf4 dxc3 11. Qb3 e6 12. Qxc3 Qa5 13. Qxa5 Nxa5 14. Bb5+ Bd7 15. Bxd7+ Kxd7 16. Ne5+ Ke8 17. Rc1 f6 18. Nd3 Rd8 19. Ke2 Nc6 20. b4 Nxb4 21. Nxb4 Bxb4 22. Rc7 Rd7 23. Rxd7 Kxd7 24. Rd1+ Ke7 25. Rb1 a5 26. a3 e5 27. axb4 exf4 28. bxa5 Rb8 29. Kd3 Ke6 30. Kc4 Rc8+ 31. Kb5 Rc2 32. f3 Rxg2 33. Kb6 Ra2 34. Rb5 Rxh2 35. Kxb7 Ra2 36. a6 g5 37. a7 Kf7 38. Kb6 Rxa7 39. Kxa7 h5 40. Kb6 h4 41. Kc5 h3 42. Kd4 Kg6 43. Kd3 Kh5 44. Ke2 h2 45. Rb1 Kh4 46. Kf2 Kh3 47. Rh1 g4 48. fxg4 Kxg4 49. Rxh2 f3 50. Rh6 Kf4 51. Rxf6+ 1-0


[Site "https://www.chess.com"]

[Event "Titled Tuesday Blitz August 08 Late 2023"]
[White "Golubka, Petro"]
[Black "Cheng, Xiao"]
[WhiteFideId "14114224"]
[BlackFideId "2022915"]
[WhiteElo "2747"]
[BlackElo "2481"]
[Result "1-0"]
[Round "3"]
[TimeControl "180+1"]
[Date "2023.08.08"]
[WhiteClock "0:01:59"]
[BlackClock "0:01:31"]
[Board "72"]

1. e4 c5 2. b3 e5 3. Bb2 Nc6 4. Bb5 d6 5. f4 exf4 6. Nf3 Nf6 7. Qe2 Be7 8. e5 dxe5 9. Nxe5 O-O 10. Bxc6 bxc6 11. Nxc6 Qd6 12. Nxe7+ Kh8 13. Nxc8 Raxc8 14. O-O Nd5 15. Nc3 Nb4 16. Ne4 Qg6 17. Rxf4 f5 18. Raf1 Nxc2 19. Ng3 c4 20. Nxf5 c3 21. Bxc3 Qb6+ 22. Kh1 1-0


[Site "https://www.chess.com"]

[Event "Titled Tuesday Blitz August 08 Late 2023"]
[White "Garrido Outon, Alex"]
[Black "Tejedor Fuente, Enrique"]
[WhiteFideId "24516279"]
[BlackFideId "2299100"]
[WhiteElo "2480"]
[BlackElo "2747"]
[Result "0-1"]
[Round "3"]
[TimeControl "180+1"]
[Date "2023.08.08"]
[WhiteClock "0:00:47"]
[BlackClock "0:01:06"]
[Board "73"]

1. Nf3 d6 2. g3 g6 3. Bg2 Bg7 4. O-O e5 5. c4 Be6 6. d3 h6 7. Nc3 Nc6 8. Rb1 a5 9. a3 Nge7 10. b4 axb4 11. axb4 Qd7 12. Nd2 Bh3 13. Bb2 Bxg2 14. Kxg2 Nxb4 15. Ba1 Na6 16. Kg1 b6 17. e3 h5 18. h4 O-O 19. Nf3 Nc5 20. d4 exd4 21. exd4 Ne6 22. d5 Nc5 23. Nb5 Bxa1 24. Rxa1 Rxa1 25. Qxa1 Nxd5 26. cxd5 Qxb5 27. Qf6 Qe8 28. Re1 Qd8 29. Qf4 Nd3 0-1


[Site "https://www.chess.com"]

[Event "Titled Tuesday Blitz August 08 Late 2023"]
[White "Mekhitarian, Krikor Sevag"]
[Black "Gaal, Zsoka"]
[WhiteFideId "2107660"]
[BlackFideId "777765"]
[WhiteElo "2727"]
[BlackElo "2479"]
[Result "1-0"]
[Round "3"]
[TimeControl "180+1"]
[Date "2023.08.08"]
[WhiteClock "0:01:25"]
[BlackClock "0:00:00"]
[Board "74"]

1. Nf3 d5 2. c4 e6 3. d4 Nf6 4. cxd5 exd5 5. Nc3 c6 6. Bf4 Bd6 7. Bxd6 Qxd6 8. e3 Bf5 9. Nh4 Bg4 10. Qb3 Qe7 11. h3 Be6 12. Bd3 O-O 13. O-O a5 14. a3 Ne4 15. Nf3 Nd6 16. Qc2 g6 17. b4 Nd7 18. b5 Rfc8 19. bxc6 bxc6 20. Na4 Bf5 21. Bxf5 Nxf5 22. Rfc1 Nd6 23. Nd2 Nb5 24. Nc5 Nxc5 25. Qxc5 Qxc5 26. Rxc5 a4 27. Kf1 Kf8 28. Nf3 f6 29. Ne1 Ke7 30. Nd3 Nd6 31. Nb4 Kd7 32. Ke2 Nc4 33. e4 Ra5 34. Rxa5 Nxa5 35. exd5 cxd5 36. Nxd5 Ke6 37. Nb6 Rc2+ 38. Kf1 Nb3 39. Re1+ Kd6 40. Nxa4 Nxd4 41. Rd1 Ke5 42. Nb6 Nb5 43. Rd5+ Ke4 44. Rxb5 Ra2 45. Rb1 Rxa3 46. Nc4 Ra2 47. Re1+ Kd3 48. Ne3 Rb2 49. Rd1+ Ke4 50. Re1 Kd3 51. Ng4 f5 52. Nf6 h6 53. Nd5 Rd2 54. Nf4+ Kc3 55. Nxg6 1-0


[Site "https://www.chess.com"]

[Event "Titled Tuesday Blitz August 08 Late 2023"]
[White "Rakotomaharo, Fy Antenaina"]
[Black "Lima, Kleyton Alcantara"]
[WhiteFideId "13100050"]
[BlackFideId "22718397"]
[WhiteElo "2715"]
[BlackElo "2469"]
[Result "1-0"]
[Round "3"]
[TimeControl "180+1"]
[Date "2023.08.08"]
[WhiteClock "0:00:04"]
[BlackClock "0:00:08"]
[Board "75"]

1. Nf3 c5 2. g3 Nc6 3. Bg2 e5 4. O-O g6 5. c4 Bg7 6. Nc3 d6 7. Ne1 Nge7 8. Nc2 f5 9. d3 O-O 10. Rb1 f4 11. b4 Nd4 12. bxc5 dxc5 13. Nxd4 cxd4 14. Nd5 Nxd5 15. Bxd5+ Kh8 16. Ba3 Rf6 17. Qd2 Rb8 18. Bg2 Qc7 19. Rb3 Bd7 20. Rfb1 Bc6 21. Bxc6 Rxc6 22. Rb5 h5 23. Rd5 Rf6 24. Rbb5 Rf7 25. Bd6 Qc8 26. Bxb8 Qxb8 27. Qa5 b6 28. Qb4 Qc8 29. Qd6 Qf5 30. Rxe5 Bxe5 31. Qxe5+ Qxe5 32. Rxe5 fxg3 33. hxg3 Kg7 34. Rd5 Rb7 35. Rxd4 b5 36. cxb5 Rxb5 37. Rd7+ Kf6 38. Rxa7 Rb2 39. Kf1 Kg5 40. Ra4 Kf5 41. e3 Rd2 42. Rf4+ Kg5 43. Rd4 Rxa2 44. Kg2 Kf5 45. Kf3 Rb2 46. Rd5+ Kf6 47. d4 g5 48. Ra5 Rb3 49. Ke4 Rb2 50. Ra6+ Kf7 51. f4 Rg2 52. fxg5 Rxg3 53. Kf4 Rg4+ 54. Kf5 Rg1 55. Ra7+ Ke8 56. Rh7 h4 57. Rxh4 Kf7 58. Rh7+ Kg8 59. Ra7 Re1 60. Kg6 Kf8 61. Kf6 Ke8 62. Ra8+ Kd7 63. g6 Rxe3 64. g7 Rf3+ 65. Ke5 Re3+ 66. Kd5 Rf3 67. g8=Q Rf5+ 68. Kc4 Rf6 69. Qg7+ Ke6 70. Qxf6+ Kxf6 71. Ra5 1-0


[Site "https://www.chess.com"]

[Event "Titled Tuesday Blitz August 08 Late 2023"]
[White "Arnold, Ken"]
[Black "Korchmar, Vasiliy"]
[WhiteFideId "2056836"]
[BlackFideId "24131750"]
[WhiteElo "2468"]
[BlackElo "2715"]
[Result "0-1"]
[Round "3"]
[TimeControl "180+1"]
[Date "2023.08.08"]
[WhiteClock "0:02:06"]
[BlackClock "0:02:21"]
[Board "76"]

1. d4 d5 2. c4 c6 3. Nc3 Nf6 4. Nf3 e6 5. cxd5 exd5 6. Bf4 Bf5 7. e3 Nbd7 8. Bd3 Bxd3 9. Qxd3 Be7 10. O-O O-O 11. h3 Re8 12. a3 a5 13. Rab1 Bf8 14. Ne5 Nxe5 15. Bxe5 Nd7 16. Bh2 a4 17. e4 dxe4 18. Nxe4 Nb6 19. Rbd1 Nd5 20. Rfe1 h6 21. Qc4 Qb6 22. Nc3 Qxb2 23. Nxd5 cxd5 24. Qxd5 Bxa3 25. Qxb7 Rxe1+ 26. Rxe1 Qxb7 0-1


[Site "https://www.chess.com"]

[Event "Titled Tuesday Blitz August 08 Late 2023"]
[White "Alex_Sahakyan2006"]
[Black "Garakov, Mikhael"]
[BlackFideId "4169034"]
[WhiteElo "2713"]
[BlackElo "2468"]
[Result "1-0"]
[Round "3"]
[TimeControl "180+1"]
[Date "2023.08.08"]
[WhiteClock "0:00:15"]
[BlackClock "0:00:00"]
[Board "77"]

1. e4 c5 2. Nc3 a6 3. g3 b5 4. Bg2 Bb7 5. d3 g6 6. h4 h5 7. Nh3 Bg7 8. Ng5 d6 9. Be3 Nc6 10. Qd2 b4 11. Nd1 Nf6 12. f3 Nd7 13. c3 bxc3 14. bxc3 a5 15. Rb1 Ba6 16. d4 cxd4 17. cxd4 Nb4 18. Bf1 Bxf1 19. Kxf1 Rc8 20. Rc1 Rxc1 21. Qxc1 Nxa2 22. Qc4 O-O 23. Qxa2 Qb6 24. d5 Qb5+ 25. Kg2 Ne5 26. Nf2 Nc4 27. Bf4 Rc8 28. Rb1 Qc5 29. Qb3 Qd4 30. Qb7 Re8 31. Qc6 Rf8 32. Rd1 Ne3+ 33. Bxe3 Qxe3 34. Rd3 Qe2 35. Nh3 Rb8 36. Nf4 Qe1 37. Rd1 Qb4 38. N4d3 Qb3 39. Rd2 a4 40. Qc2 Qb5 41. Qa2 Ra8 42. Rc2 a3 43. Nc1 Qb6 44. Nfd3 Ra5 45. Rc6 Qe3 46. Rc8+ Kh7 47. Rc2 Bd4 48. Nf2 Rc5 49. Rxc5 dxc5 50. Ncd3 c4 51. Nb4 c3 52. Nbd3 Qd2 53. Qxa3 c2 54. Qc1 1-0


[Site "https://www.chess.com"]

[Event "Titled Tuesday Blitz August 08 Late 2023"]
[White "Jimenez Martinez, Jose Vicente"]
[Black "Zeman, Matyas"]
[WhiteFideId "2264021"]
[BlackFideId "364398"]
[WhiteElo "2709"]
[BlackElo "2468"]
[Result "1-0"]
[Round "3"]
[TimeControl "180+1"]
[Date "2023.08.08"]
[WhiteClock "0:00:27"]
[BlackClock "0:00:01"]
[Board "78"]

1. d4 Nf6 2. c4 e6 3. Nc3 d5 4. Nf3 c5 5. cxd5 Nxd5 6. g3 cxd4 7. Nxd5 Qxd5 8. Qxd4 Qb5 9. a4 Qb4+ 10. Bd2 Nc6 11. Qxb4 Bxb4 12. Bg2 O-O 13. O-O Be7 14. Rfd1 Rd8 15. Rac1 Bd7 16. b3 Be8 17. Be3 Rac8 18. h4 a6 19. Bb6 Rxd1+ 20. Rxd1 f6 21. Nh2 Kf7 22. Nf1 Nb4 23. Ne3 Bc6 24. Bxc6 Rxc6 25. a5 Ke8 26. Nc4 Nd5 27. Bd4 Bb4 28. e4 Ne7 29. h5 h6 30. Be3 Rc7 31. Nd6+ Bxd6 32. Rxd6 Rc6 33. Rd3 Rc7 34. Bb6 Rd7 35. Rc3 Nc6 36. Kg2 Kf7 37. Rc5 e5 38. Rc4 Ke6 39. Rc3 Rd2 40. g4 Ra2 41. Kg3 Nxa5 42. Rc7 Nxb3 43. Rxb7 Nd4 44. Bc5 Nc2 45. Re7# 1-0


[Site "https://www.chess.com"]

[Event "Titled Tuesday Blitz August 08 Late 2023"]
[White "Salazar Farias, Luis German"]
[Black "Fiorito, Joaquin"]
[WhiteFideId "3902170"]
[BlackFideId "180173"]
[WhiteElo "2466"]
[BlackElo "2705"]
[Result "0-1"]
[Round "3"]
[TimeControl "180+1"]
[Date "2023.08.08"]
[WhiteClock "0:00:00"]
[BlackClock "0:01:30"]
[Board "79"]

1. d4 Nf6 2. c4 e6 3. Nc3 Bb4 4. Qc2 O-O 5. e4 d5 6. e5 Ne4 7. Bd3 c5 8. Nf3 cxd4 9. Nxd4 Nd7 10. Bf4 Qh4 11. g3 Qh5 12. O-O Bxc3 13. bxc3 g5 14. cxd5 gxf4 15. dxe6 Nxe5 16. Bxe4 Bxe6 17. Rfe1 Rac8 18. Qd2 fxg3 19. hxg3 Ng4 20. Bf3 Qh2+ 21. Kf1 Bc4+ 0-1


[Site "https://www.chess.com"]